 Dungeon Crawl Stone Soup version 0.29-a0-575-g0dc89cf053 (webtiles) character file.

Game seed: 12333637070996991586

188 DocClef the Covert (level 5, 0/47 HPs)
             Began as a Gnoll Delver on June 12, 2022.
             Slain by an adder (3 damage)
             ... on level 5 of the Dungeon.
             The game lasted 00:00:23 (784 turns).

DocClef the Covert (Gnoll Delver)                    Turns: 784, Time: 00:00:24

Health: 0/47       AC:  3    Str: 12    XL:     5   Next: 67%
Magic:  7/7        EV: 13    Int:  9    God:
Gold:   41         SH:  0    Dex: 15    Spells: 7/7 levels left

rFire   . . .      SeeInvis .   a - +0 short sword
rCold   . . .      Faith    .   (no shield)
rNeg    . . .      Spirit   .   b - +0 leather armour
rPois   .          Reflect  .   (no helmet)
rElec   .          Harm     .   (no cloak)
rCorr   .          Rampage  .   (no gloves)
Will    .....                   (no boots)
Stlth   ++++......              (no amulet)
HPRegen 0.15/turn               (no ring)
MPRegen 0.10/turn               (no ring)

@: no status effects
A: fangs 1, strong nose, distributed training
a: no special abilities


You were on level 5 of the Dungeon.
You visited 1 branch of the dungeon, and saw 1 of its levels.

You collected 41 gold pieces.

Inventory:

Hand Weapons
 a - a +0 short sword (weapon)
Armour
 b - a +0 leather armour (worn)
Wands
 g - a wand of digging (3)
 k - a wand of iceblast (11)
Scrolls
 c - a scroll of fog
 d - a scroll of magic mapping
 e - a scroll of fear
 h - a scroll of enchant armour {unknown}
 i - a scroll of amnesia {unknown}
 j - 3 scrolls of teleportation {unknown}
Potions
 f - a potion of haste


   Skills:
 + Level 6.7 Fighting
 + Level 4.8 Short Blades
 + Level 1.6 Long Blades
 + Level 1.6 Axes
 + Level 1.6 Maces & Flails
 + Level 1.6 Polearms
 + Level 1.6 Staves
 + Level 1.6 Slings
 + Level 1.6 Bows
 + Level 1.6 Crossbows
 + Level 1.6 Throwing
 + Level 1.6 Armour
 + Level 4.8 Dodging
 + Level 9.7 Stealth
 + Level 1.6 Shields
 + Level 1.6 Unarmed Combat
 + Level 1.6 Spellcasting
 + Level 1.2 Conjurations
 + Level 1.2 Hexes
 + Level 1.2 Summonings
 + Level 1.2 Necromancy
 + Level 1.2 Translocations
 + Level 1.2 Transmutations
 + Level 1.2 Fire Magic
 + Level 1.2 Ice Magic
 + Level 1.2 Air Magic
 + Level 1.2 Earth Magic
 + Level 1.2 Poison Magic
 + Level 1.8 Invocations
 + Level 1.6 Evocations


You had 7 spell levels left.
You didn't know any spells.
Your spell library was empty.

Dungeon Overview and Level Annotations

Branches:
Dungeon (5/15)
 Temple: D:4-7

Altars:
Elyvilon


Innate Abilities, Weirdness & Mutations

You have very sharp teeth.
Your uncanny sense of smell can sniff out nearby items.
Your experience applies equally to all skills.


Message History

Unknown command.
You start resting.
HP restored.
You enter the shallow water.
Moving in this stuff is going to be slow.
You open the large door.
A gnoll shaman comes into view. It is wielding a +0 whip.
Found 74 gold pieces.
A gnoll shaman is nearby!
A gnoll shaman is nearby!
A gnoll shaman is nearby!
A gnoll shaman is nearby!
An orc comes into view. It is wielding a +0 trident.
There is a large open door here.
An adder, an ogre and a scorpion come into view.
The gnoll shaman shouts!
The adder hisses angrily.
The ogre shouts!
The orc shouts!
You hit the gnoll shaman but do no damage.
The gnoll shaman hits you with a +0 whip.
You hit the gnoll shaman.
The gnoll shaman is lightly wounded.
The scorpion stings you. The adder closely misses you.
You hit the gnoll shaman.
The gnoll shaman is lightly wounded.
The gnoll shaman hits you but does no damage.
The scorpion barely misses you. The adder barely misses you.
You hit the gnoll shaman but do no damage.
The gnoll shaman is lightly wounded.
The gnoll shaman hits you with a +0 whip!
The orc hits you from afar with a +0 trident.
The scorpion stings you.
* * * LOW HITPOINT WARNING * * *
The adder closely misses you. The scorpion attacks as you move away!
The scorpion stings you.
* * * LOW HITPOINT WARNING * * *
The orc hits you from afar with a +0 trident!
* * * LOW HITPOINT WARNING * * *
The gnoll shaman attacks as you move away!
The gnoll shaman barely misses you. The adder bites you.
You die...

...#..# ##..##
...#..###..## ∆
..##..##..##
.........## ∆
.#####..## ###### .
##.# ##....## ∆ #.##
##g.....## #..#
###.sO$$...#
##.#####.'@So..$..#
###....##..'..$..$..#
∆
#.........##...$$...+
∆
#.......#####......##
∆ ###.....# ##....##
∆ ###...# ######
##.## #.. ##.#


You could see an ogre, a gnoll shaman, a scorpion, an adder and an orc.

Vanquished Creatures
  A sky beast (D:5)
  A scorpion (D:5)
  An iguana (D:5)
  An adder (D:5)
  An orc (D:5)
5 creatures vanquished.

Notes
Turn   | Place    | Note
-------+----------+-------------------------------------------
     0 | D:5      | Reached skill level 9 in Stealth
     0 | D:5      | DocClef the Gnoll Delver began the quest for the Orb.
     0 | D:5      | Reached XP level 1. HP: 23/23 MP: 1/1
   130 | D:5      | Reached XP level 2. HP: 29/29 MP: 2/2
   198 | D:5      | Noticed a sky beast
   203 | D:5      | Killed a sky beast
   204 | D:5      | Reached skill level 1 in Long Blades
   204 | D:5      | Reached skill level 1 in Axes
   204 | D:5      | Reached skill level 1 in Maces & Flails
   204 | D:5      | Reached skill level 1 in Polearms
   204 | D:5      | Reached skill level 1 in Staves
   204 | D:5      | Reached skill level 1 in Slings
   204 | D:5      | Reached skill level 1 in Bows
   204 | D:5      | Reached skill level 1 in Crossbows
   204 | D:5      | Reached skill level 1 in Throwing
   204 | D:5      | Reached skill level 1 in Armour
   204 | D:5      | Reached skill level 1 in Shields
   204 | D:5      | Reached skill level 1 in Unarmed Combat
   204 | D:5      | Reached skill level 1 in Spellcasting
   204 | D:5      | Reached skill level 1 in Conjurations
   204 | D:5      | Reached skill level 1 in Hexes
   204 | D:5      | Reached skill level 1 in Summonings
   204 | D:5      | Reached skill level 1 in Necromancy
   204 | D:5      | Reached skill level 1 in Translocations
   204 | D:5      | Reached skill level 1 in Transmutations
   204 | D:5      | Reached skill level 1 in Fire Magic
   204 | D:5      | Reached skill level 1 in Ice Magic
   204 | D:5      | Reached skill level 1 in Air Magic
   204 | D:5      | Reached skill level 1 in Earth Magic
   204 | D:5      | Reached skill level 1 in Poison Magic
   204 | D:5      | Reached skill level 1 in Invocations
   204 | D:5      | Reached skill level 1 in Evocations
   204 | D:5      | Reached XP level 3. HP: 35/35 MP: 2/4
   204 | D:5      | Reached XP level 4. HP: 41/41 MP: 2/5
   403 | D:5      | Noticed a scorpion
   410 | D:5      | Killed a scorpion
   411 | D:5      | Reached XP level 5. HP: 47/47 MP: 5/7
   774 | D:5      | Noticed an ogre
   784 | D:5      | Slain by an adder

Illustrated notes

Levels and vault maps discovered:
D:5:      minmay_polygon_palace, layout_cave_pods, elyvilon_altar_5,
          chequers_serial_rivers_small_3

Skill      XL: |  1  2 |
---------------+-------+-----
Stealth        | |  9.7
Long Blades    | 1 |  1.6
Axes           | 1 |  1.6
Maces & Flails | 1 |  1.6
Polearms       | 1 |  1.6
Staves         | 1 |  1.6
Slings         | 1 |  1.6
Bows           | 1 |  1.6
Crossbows      | 1 |  1.6
Throwing       | 1 |  1.6
Armour         | 1 |  1.6
Shields        | 1 |  1.6
Unarmed Combat | 1 |  1.6
Spellcasting   | 1 |  1.6
Conjurations   | 1 |  1.2
Hexes          | 1 |  1.2
Summonings     | 1 |  1.2
Necromancy     | 1 |  1.2
Translocations | 1 |  1.2
Transmutations | 1 |  1.2
Fire Magic     | 1 |  1.2
Ice Magic      | 1 |  1.2
Air Magic      | 1 |  1.2
Earth Magic    | 1 |  1.2
Poison Magic   | 1 |  1.2
Invocations    | 1 |  1.8
Evocations     | 1 |  1.6
Fighting       | |  6.7
Short Blades   | |  4.8
Dodging        | |  4.8

Action                   |  1- 3 |  4- 6 || total
-------------------------+-------+-------++-------
Melee: Short sword       |     3 |    16 ||    19
       Bite              |       |     1 ||     1
 Stab: Sleeping          |     3 |     1 ||     4
Armor: Leather armour    |       |     2 ||     2
Dodge: Dodged            |       |     8 ||     8

Table legend: (Time is in decaauts)
 A = Elapsed time spent in this place.
 B = Non-inter-level travel time spent in this place.
 C = Inter-level travel time spent in this place.
 D = Time resting spent in this place.
 E = Time spent auto-exploring this place.
 F = Levels seen in this place.
 G = Mean time per level.
                   A        B        C        D        E       F      G
               +--------+--------+--------+--------+--------+-----+--------+
         Total |    784 |    784 |      0 |    208 |    506 |   1 |  784.0 |
       Dungeon |    784 |    784 |      0 |    208 |    506 |   1 |  784.0 |
               +--------+--------+--------+--------+--------+-----+--------+

Top non-repeatable levels by time:
     D:5: 784 daAuts
